Map: Royal Blood LE

Players

A.I. 1 (Very Easy)

  • Race: Zerg Zerg
  • Spawn Location: 7:00

RustyShacky - Winner!

  • Race: Terran Terran
  • League: Diamond
  • Spawn Location: 1:00

VOD

Have the link to the VOD?

Description

Time

  • Played on: Aug. 2, 2023, 2:16 a.m.
  • Length: 6:05
Show
View Real Time Build Order
Export as new Build Order

A.I. 1 (Very Easy) Zerg 

Build Orders: Hatch First 

Get SALT Encoding   

  12  0:01  Drone  
  13  0:12  Overlord  
  13  0:16  Drone  
  14  0:41  Hatchery  
  13  0:45  Drone  
  14  1:02  Spawning Pool  
  13  1:05  Drone  
  13  1:08  Extractor  
  13  1:12  Drone  
  14  1:19  Overlord  
  14  1:49  Queen  
  14  1:50  Zergling x2  
  14  1:52  Zergling x2  
  18  1:57  Roach Warren  
  17  2:01  Drone  
  17  2:07  Extractor  
  17  2:10  Drone  
  17  2:15  Zergling x2  
  19  2:19  Drone  
  20  2:26  Drone  
  21  2:34  Drone  
  22  2:41  Drone  
  23  2:48  Drone  
  24  2:55  Drone  
  25  3:03  Drone  
  26  3:07  Roach  
  26  3:08  Overlord  
  26  3:12  Drone  
  30  3:20  Drone  
  31  3:27  Drone  
  31  3:34  Drone  
  31  3:40  Overlord  
  32  3:43  Drone  
  33  3:49  Lair  
  33  3:50  Drone  
  34  3:58  Roach  
  34  4:00  Drone  
  37  4:07  Drone  
  38  4:14  Drone  
  39  4:21  Drone  
  40  4:29  Drone  
  40  4:31  Overlord  
  39  4:36  Drone  
  40  4:44  Zergling x2  
  37  4:46  Drone  
  37  4:47  Overseer  
  37  4:48  Overseer  
  35  4:54  Drone  
  26  5:02  Queen  
  26  5:08  Drone  
  26  5:13  Zergling x2  
  26  5:29  Overseer  
  26  5:34  Overlord  
  26  5:35  Drone  
  14  5:46  Zergling x2  
Show
View Real Time Build Order
Export as new Build Order

RustyShacky Terran - Winner!

Build Orders: 2 Factory 

Get SALT Encoding   

  12  0:00  SCV  
  13  0:12  SCV  
  14  0:17  Supply Depot  
  14  0:24  SCV  
  15  0:39  Barracks, SCV  
  16  0:43  Refinery  
  16  0:51  SCV  
  16  0:53  Refinery  
  17  1:03  SCV  
  18  1:15  SCV  
  19  1:26  Marine  
  19  1:27  Orbital Command  
  19  1:30  Supply Depot  
  20  1:44  Factory  
  20  1:50  Marine  
  21  1:54  SCV  
  22  2:09  Factory  
  22  2:22  SCV  
  23  2:26  Supply Depot  
  23  2:32  Armory  
  23  2:33  Factory Reactor  
  23  2:45  SCV  
  24  2:57  SCV, Factory Tech Lab  
  25  3:11  Hellion x2  
  29  3:13  SCV  
  29  3:18  Supply Depot  
  30  3:22  Thor  
  36  3:32  Hellion  
  38  3:40  Hellion  
  40  3:41  Terran Vehicle Weapons Level 1  
  40  3:43  SCV  
  41  3:49  Supply Depot  
  41  3:55  SCV  
  42  4:10  Thor  
  42  4:15  SCV  
  49  4:32  Hellion x2, SCV  
  54  4:44  SCV  
  55  5:01  Hellion  
  55  5:03  Supply Depot  
  55  5:07  Thor, Hellion  
  63  5:26  Hellion  
  65  5:29  Hellion  
Tags
 
Add a new tag
Caveats
  • Supply blocks, unpowered buildings, or Contaminate may cause inaccurate times.
  • Supply counts are checked every 10 seconds.